Map: Proxima Station LE

Players

subzero - Winner!

  • Race: Terran Terran
  • League: Diamond
  • Spawn Location: 7:00

Musumeci

  • Race: Zerg Zerg
  • League: Diamond
  • Spawn Location: 1:00

VOD

Have the link to the VOD?

Description

Time

  • Played on: April 3, 2017, 11:45 a.m.
  • Length: 7:27
Show
View Real Time Build Order
Export as new Build Order

subzero Terran - Winner!

Build Orders: Reaper Expand 

Get SALT Encoding   

  12  0:01  SCV  
  13  0:13  SCV  
  14  0:19  Supply Depot  
  14  0:25  SCV  
  15  0:40  SCV  
  15  0:42  Barracks  
  16  0:46  Refinery  
  16  0:52  SCV  
  17  1:05  SCV  
  18  1:17  SCV  
  19  1:31  Orbital Command, Reaper  
  20  1:42  Command Center  
  20  1:55  Refinery  
  20  1:56  Supply Depot  
  20  1:59  SCV  
  21  2:11  SCV  
  21  2:13  Barracks Reactor  
  22  2:22  Factory  
  22  2:23  SCV  
  23  2:35  SCV  
  23  2:36  Supply Depot  
  24  2:47  Bunker  
  24  2:50  SCV  
  25  2:52  Bunker  
  25  2:58  SCV  
  25  2:59  Marine x2  
  28  3:09  Factory Tech Lab  
  28  3:14  Orbital Command  
  28  3:19  Marine x2  
  28  3:30  Siege Tank  
  31  3:37  Marine  
  32  3:41  SCV x2  
  34  3:53  SCV  
  33  4:08  SCV x2  
  35  4:12  Marine  
  36  4:23  SCV x2, Barracks  
  38  4:41  Barracks Tech Lab  
  38  4:45  Supply Depot x2  
  38  4:53  Engineering Bay  
  38  5:01  Stimpack  
  38  5:06  Widow Mine  
  40  5:07  Marauder, SCV x2  
  40  5:10  Starport  
  44  5:19  SCV x2  
  43  5:23  Marine  
  46  5:28  Marauder  
  46  5:31  SCV x2  
  44  5:38  Siege Tank  
  46  5:43  SCV x2  
  46  5:45  Bunker  
  48  5:52  Starport Reactor  
  48  5:54  Marine  
  48  5:55  SCV x2  
  51  6:07  SCV x2  
  52  6:14  Liberator  
  52  6:15  Liberator  
  52  6:19  SCV x2  
  50  6:30  Marine  
  50  6:31  SCV x2  
  52  6:44  SCV x2  
  54  6:58  Supply Depot  
  54  6:59  Supply Depot  
  54  7:06  SCV x2  
Show
View Real Time Build Order
Export as new Build Order

Musumeci Zerg 

Build Orders: Pool Only, Ravager All-In 

Get SALT Encoding   

  12  0:07  Drone  
  13  0:23  Spawning Pool  
  13  0:25  Extractor  
  11  0:31  Drone  
  12  0:37  Drone  
  13  0:43  Overlord  
  13  0:49  Drone  
  14  1:02  Extractor  
  13  1:10  Queen  
  15  1:12  Drone  
  16  1:28  Roach Warren  
  16  1:32  Drone  
  16  1:53  Overlord  
  20  2:08  Roach x2  
  20  2:12  Roach  
  22  2:20  Roach  
  24  2:29  Ravager  
  26  2:30  Ravager  
  26  2:32  Ravager  
  27  2:41  Ravager  
  28  2:45  Roach  
  30  3:06  Ravager  
  30  3:11  Overlord  
  30  3:42  Roach  
  30  3:43  Roach x2  
  27  4:09  Ravager x3  
  27  4:10  Roach x2  
  31  4:26  Roach  
  33  4:53  Roach x2  
  33  4:56  Ravager  
  38  5:02  Overlord  
  38  5:25  Ravager x3  
  31  5:35  Roach  
  31  5:36  Roach  
  31  5:40  Ravager  
  25  6:28  Roach  
  25  6:29  Roach x2  
  25  6:30  Ravager  
  25  6:31  Ravager  
  27  6:40  Roach  
  29  6:55  Roach  
  31  7:08  Roach x3  
  31  7:19  Ravager  
  31  7:20  Ravager x2  
Tags
 
Add a new tag
Caveats
  • Supply blocks, unpowered buildings, or Contaminate may cause inaccurate times.
  • Supply counts are checked every 10 seconds.